 Dungeon Crawl Stone Soup version 0.31.0-11-ge490571c62 (webtiles) character file.

Game seed: 12840766704305624128

2831 SnakkuSnakku7 the Impaler (level 8, -2/60 HPs)
             Began as a Merfolk Conjurer on Jan 31, 2024.
             Was a Follower of Ru.
             Slain by a killer bee (4 damage)
             ... on level 10 of the Dungeon.
             The game lasted 00:10:34 (7479 turns).

SnakkuSnakku7 the Impaler (Merfolk Conjurer)        Turns: 7479, Time: 00:10:36

Health: -2/60      AC: 12    Str:  9 (10) XL:     8   Next: 73%
Magic:  11/11      EV:  5    Int: 14 (17) God:    Ru [*.....]
Gold:   269        SH:  0    Dex: 12      Spells: 11/11 levels left

rFire   . . .        y - +7 staff of the Meek {protect, meekguard}
rCold   . . .        (shield currently unavailable)
rNeg    . . .        x - +0 chain mail
rPois   .            z - +2 hat
rElec   .            c - +0 cloak
rCorr   .            (no gloves)
SInv    .            r - +0 pair of boots
Will    .....        (no amulet) Stlth
                     (no ring)
HPRegen 0.30/turn    (no ring)
MPRegen 0.12/turn

%: no passive effects
@: confused, lethally poisoned (-2 -> -9), ambrosia-drunk
A: inexperienced 1, (nimble swimmer 2), mertail
a: Renounce Religion


You were on level 10 of the Dungeon.
You worshipped Ru.
Ru was aware of your devotion.
You visited 2 branches of the dungeon, and saw 10 of its levels.

You collected 269 gold pieces.

Inventory:

Hand Weapons
 d - a +1 vampiric dagger
 k - a +2 short sword of draining
 y - the +7 staff of the Meek (weapon) {protect, meekguard}
   (You found it on level 5 of the Dungeon)
Missiles
 j - a curare-tipped dart
 p - 21 poisoned darts (quivered)
Armour
 a - a +0 robe
 c - a +0 cloak (worn)
 f - a +0 plate armour
 n - a +0 helmet
 r - a +0 pair of boots (worn)
 t - a +0 ring mail
 x - a +0 chain mail (worn)
 z - a +2 hat (worn)
Wands
 v - a wand of roots (21)
 A - a wand of flame (23)
Scrolls
 l - 2 scrolls of immolation
 m - a scroll of identify
 o - a scroll of enchant weapon {unknown}
 w - 3 scrolls of teleportation
 B - a scroll of butterflies {unknown}
Potions
 b - a potion of magic
 g - a potion of lignification {unknown}
 h - 2 potions of attraction
 i - 2 potions of degeneration
 q - a potion of haste
 s - a potion of ambrosia
 u - a potion of cancellation
 C - a potion of brilliance {unknown}
Miscellaneous
 D - a lightning rod (4/4)


   Skills:
 - Level 4.0 Fighting
 + Level 15.7 Polearms
 - Level 2.6 Dodging
 - Level 2.1 Stealth
 - Level 0.4 Unarmed Combat
 - Level 2.0 Spellcasting
 - Level 3.2 Conjurations


You had 11 spell levels left.
You didn't know any spells.
Your spell library contained the following spells:

 Spells                   Type           Power      Damage    Failure   Level
 Magic Dart               Conj           40%        1d5       99%         1
 Freeze                   Ice            4%         1d3       100%        1
 Blink                    Tloc           2%         N/A       100%        2
 Call Imp                 Summ           2%         N/A       100%        2
 Cigotuvi's Dreadful Rot  Necr/Alch/Air  2%         N/A       100%        2
 Searing Ray              Conj           20%        2d5       100%        2
 Frozen Ramparts          Ice            2%         1d1       100%        3
 Hailstorm                Conj/Ice       5%         3d5       100%        3
 Ozocubu's Armour         Ice            1%         N/A       100%        3
 Fulminant Prism          Conj/Alch      2%         3d5       100%        4
 Ignite Poison            Fire/Alch      1%         N/A       100%        4
 Iskenderun's Mystic Bla  Conj/Tloc      5%         2d3       100%        4
 Leda's Liquefaction      Alch/Erth      0%         N/A       100%        4
 Petrify                  Alch/Erth      1%         N/A       100%        4
 Freezing Cloud           Conj/Ice/Air   2%         6-21      100%        5
 Metabolic Englaciation   Hex/Ice        0%         N/A       100%        5
 Summon Forest            Summ/Tloc      0%         N/A       100%        5
 Eringya's Noxious Bog    Alch           0%         4d6       100%        6
 Sculpt Simulacrum        Ice/Alch       0%         N/A       100%        6
 Summon Hydra             Summ           0%         N/A       100%        7


Dungeon Overview and Level Annotations

Branches:
Dungeon (10/15)            Temple (1/1) D:6
   Lair: D:8-11         Orc: D:9-12

Altars:
Ashenzari
Dithmenos
Elyvilon
Fedhas
Gozag
Hepliaklqana
Kikubaaqudgha
Makhleb
Nemelex Xobeh
Okawaru
Qazlal
Ru
Sif Muna
Trog
Uskayaw
Vehumet
Wu Jian
Xom
Zin
The Shining One

Shops:
D:1 :[((!   D:5 *

Annotations:
D:5 1 transporter, Vila42's ghost, novice GrMo
D:7 1 runed translucent door, 1 transporter, Drazool's ghost, novice NaSh
D:9 Jeremiah


Innate Abilities, Weirdness & Mutations

You are somewhat inexperienced. (-1 XL)
((You are very nimble when in or above water. (Stealth+, EV+, Speed+++)))
Your lower body shifts to a powerful aquatic tail in water.


Message History

* * * LOW HITPOINT WARNING * * *
The killer bee stings you but does no damage.
The killer bee closely misses you. The killer bee stings you.
* * * LOW HITPOINT WARNING * * *
You are poisoned.
The killer bee poisons you! The killer bee stings you.
* * * LOW HITPOINT WARNING * * *
You feel better.
The killer bee stings you but does no damage. x2
The killer bee stings you.
* * * LOW HITPOINT WARNING * * *
You are lethally poisoned!
The killer bee poisons you! The killer bee stings you.
* * * LOW HITPOINT WARNING * * *
You are more poisoned.
The killer bee poisons you!
The killer bee is stunned by your conviction and fails to attack.
The killer bee stings you.
* * * LOW HITPOINT WARNING * * *
You feel better. The killer bee barely misses you. The killer bee stings you.
* * * LOW HITPOINT WARNING * * *
The killer bee barely misses you.
The killer bee stings you but does no damage.
The killer bee stings you.
* * * LOW HITPOINT WARNING * * *
You are lethally poisoned!
The killer bee poisons you! The killer bee barely misses you.
It was a potion of ambrosia.
You are confused.
You feel invigorated.
* * * LOW HITPOINT WARNING * * *
You feel very sick. The killer bee stings you.
* * * LOW HITPOINT WARNING * * *
The killer bee stings you but does no damage. x2
The killer bee stings you.
* * * LOW HITPOINT WARNING * * *
The killer bee stings you but does no damage.
The killer bee stings you.
You die...

#.#
####'####
..#
#.......#
.##
#.......#
.
#.......#
.
#.......#
.
#.......#
#
+.......#
#...yy..#
#....@y.#
####+####


You could see 3 killer bees.

Vanquished Creatures
  Maurice (D:7)
  A wyvern (D:9)
  2 steam dragons
  Edmund (D:4)
  A black bear (D:6)
  2 ice beasts
  An orc warrior (D:4)
  2 ogres (D:5)
  A kobold brigand (D:7)
  A scorpion (D:6)
  3 wights (D:7)
  3 killer bees (D:9)
  A jelly (D:4)
  2 bombardier beetles
  6 orc priests
  2 gnoll boudas
  A sleepcap (D:4)
  A hound (D:5)
  Natasha (thrice) (D:2)
  11 orc wizards
  An iguana (D:4)
  9 gnolls
  4 adders
  2 shadow imps
  4 ufetubi
  3 dart slugs
  A ribbon worm (D:2)
  22 orcs
  5 ball pythons
  A bat (D:3)
  6 endoplasms
  5 giant cockroaches
  4 goblins
  10 hobgoblins
  2 jackals (D:5)
  3 quokkas
  11 kobolds
  7 rats
146 creatures vanquished.

Notes
Turn   | Place    | Note
-------+----------+-------------------------------------------
     0 | D:1      | SnakkuSnakku7 the Merfolk Conjurer began the quest for the
                  | Orb.
     0 | D:1      | Reached XP level 1. HP: 13/13 MP: 3/3
   118 | D:1      | Found Wucohach's Antique Weapon Boutique.
   167 | D:1      | Found Xuedooz's Weapon Shoppe.
   199 | D:1      | Reached skill level 1 in Fighting
   199 | D:1      | Reached skill level 1 in Polearms
   199 | D:1      | Reached XP level 2. HP: 5/21 MP: 0/5
   436 | D:1      | Found Yrchyrra's Distillery.
   623 | D:1      | Found Vecanid's Armour Shop.
   632 | D:1      | Found Fixoph Lozu's Book Boutique.
   785 | D:1      | Reached skill level 2 in Polearms
   979 | D:2      | Reached XP level 3. HP: 27/27 MP: 6/6
  1201 | D:2      | Noticed Natasha
  1205 | D:2      | Killed Natasha
  1252 | D:2      | Reached skill level 3 in Polearms
  1252 | D:2      | Reached XP level 4. HP: 28/34 MP: 7/7
  1565 | D:2      | Noticed Natasha
  1570 | D:2      | Killed Natasha
  1591 | D:2      | Noticed Natasha
  1602 | D:2      | Killed Natasha
  1822 | D:3      | Reached XP level 5. HP: 39/41 MP: 8/8
  1831 | D:3      | Reached skill level 4 in Polearms
  1966 | D:3      | Found a blossoming altar of Fedhas.
  1978 | D:3      | Found a broken altar of Ashenzari.
  2752 | D:4      | Reached skill level 5 in Polearms
  2844 | D:4      | Reached XP level 6. HP: 44/48 MP: 9/9
  2934 | D:4      | Reached skill level 6 in Polearms
  3006 | D:4      | Found a sacrificial altar of Ru.
  3024 | D:4      | Became a worshipper of Ru the Awakened
  3114 | D:4      | Noticed Edmund
  3132 | D:4      | HP: 2/48 [Edmund/+4 heavy flail (20)]
  3156 | D:4      | Killed Edmund
  3157 | D:4      | Reached skill level 7 in Polearms
  3157 | D:4      | Reached XP level 7. HP: 9/54 MP: 10/10
  3590 | D:5      | Entered Level 5 of the Dungeon
  3596 | D:5      | Reached skill level 8 in Polearms
  3791 | D:5      | Found a shimmering blue altar of Sif Muna.
  3881 | D:4      | Reached skill level 9 in Polearms
  4196 | D:5      | Found the +7 staff of the Meek {protect, meekguard}
  4385 | D:5      | Reached skill level 10 in Polearms
  4385 | D:5      | Reached XP level 8. HP: 39/60 MP: 11/11
  4457 | D:5      | Found Zin's Purification Station.
  4462 | D:5      | Found a glowing silver altar of Zin.
  4562 | D:5      | Found a transporter.
  4563 | D:5      | Noticed Vila42's ghost (novice GrMo)
  4606 | D:5      | Found a hide-covered altar of Uskayaw.
  4777 | D:5      | Found a glowing golden altar of the Shining One.
  4877 | D:6      | Found a staircase to the Ecumenical Temple.
  4916 | Temple   | Entered the Ecumenical Temple
  4975 | Temple   | Reached skill level 11 in Polearms
  5213 | D:6      | Gained mutation: You are somewhat inexperienced. (-1 XL)
                  | [Ru sacrifice]
  5213 | D:6      | Reached XP level 7. HP: 54/54 MP: 10/10
  5213 | D:6      | Reached * piety under Ru
  5575 | D:6      | Reached skill level 12 in Polearms
  5753 | D:6      | Found a stormy altar of Qazlal.
  5922 | D:6      | Reached skill level 13 in Polearms
  6297 | D:7      | Reached XP level 8. HP: 29/57 MP: 11/11
  6568 | D:7      | Reached skill level 14 in Polearms
  6976 | D:7      | Found a runed translucent door.
  6977 | D:7      | Noticed Drazool's ghost (novice NaSh)
  7105 | D:7      | Found an ornate altar of the Wu Jian Council.
  7115 | D:7      | Noticed Maurice
  7124 | D:7      | Maurice stole 253 gold
  7128 | D:7      | Something stole a +2 short sword of draining
  7130 | D:7      | Killed Maurice
  7131 | D:7      | Reached skill level 15 in Polearms
  7339 | D:7      | Found a transporter.
  7339 | D:7      | You fall into a shaft and drop 3 floors!
  7339 | D:10     | Entered Level 10 of the Dungeon
  7456 | D:9      | Noticed Jeremiah
  7477 | D:10     | HP: 1/60 [killer bee (3)]
  7479 | D:10     | Slain by a killer bee

Illustrated notes

Levels and vault maps discovered:
D:1:      dpeg_arrival_rooms_a, layout_basic, serial_shops,
          nicolae_diamond_shop, shop_fountains, nicolae_shop_scrapyard, shop,
          nicolae_shop_just_a_little_nook, amcnicky_mini_corridor_feature,
          minmay_tromino_i2
D:2:      layout_basic, uniq_natasha
D:3:      layout_loops_ring, mainiacjoe_overflow_big_doors
D:4:      layout_basic, old_standard_altar, uniq_edmund
D:5:      layout_loops_ring, zin_purify, lemuel_blue_sif_altar,
          mainiacjoe_overflow_surrounded_room, tso_oasis_becter,
          gammafunk_ghost_smash, pf_guarded_unrand_meek
D:6:      layout_layer_cave, nicolae_overflow_crystal_walls,
          minmay_temple_entry_arrows
D:7:      gammafunk_the_bubble [the_bubble_gammafunk_roulette],
          layout_gridville, marbit_many_paths, cheibrodos_worm_habitat,
          ebering_ghost_reflecting_pool, serial_bayou_pond_e,
          kennysheep_small_square, uniq_maurice
D:9:      layout_long_grid, david_orc_5, uniq_jeremiah
D:10:     layout_roguey, serial_shops, nicolae_shop_window_shopping,
          dilly_guarded_unrand_devastator, uniq_urug
Temple:   minmay_temple_curvy_loop

Skill      XL: |  1  2  3  4  5  6  7  8 |
---------------+-------------------------+-----
Fighting       | 1 2 3 4 |  4.0
Polearms       | 1 2 3 5 7 13 15 | 15.7
Dodging        | |  2.6
Stealth        | |  2.1
Unarmed Combat | |  0.4
Spellcasting   | |  2.0
Conjurations   | |  3.2

Action                     |  1- 3 |  4- 6 |  7- 9 || total
---------------------------+-------+-------+-------++-------
  Melee: Unarmed           |    22 |       |       ||    22
         Dagger            |    36 |       |       ||    36
         Punch             |     2 |     1 |     1 ||     4
         Short sword       |    12 |   133 |    95 ||   240
         Quarterstaff      |       |       |   228 ||   228
         Tailslap          |       |       |     4 ||     4
  Throw: Dart              |       |     6 |    14 ||    20
   Cast: Magic Dart        |    20 |     2 |       ||    22
 Invoke: Sacrifice Experie |       |       |     1 ||     1
  Evoke: Wand              |       |     1 |     3 ||     4
    Use: Scroll            |       |     3 |     4 ||     7
         Potion            |       |       |     6 ||     6
   Stab: Sleeping          |     3 |     2 |       ||     5
 Armour: Robe              |    45 |    25 |       ||    70
         Ring mail         |       |    38 |    89 ||   127
         Chain mail        |       |       |   353 ||   353
  Dodge: Dodged            |    43 |    62 |   142 ||   247
